 Dungeon Crawl Stone Soup version 0.32-a0-999-gfa1cc04b1d (webtiles) character file.

Game seed: 5512010946406042191

35 Fodor the Covered (level 3, 0/33 HPs)
             Began as a Minotaur Fighter on Apr 24, 2024.
             Was a Follower of Sif Muna.
             Slain by Terence
             ... wielding a +0 mace
              (5 damage)
             ... on level 2 of the Dungeon.
             The game lasted 00:03:24 (1072 turns).

Fodor the Covered (Minotaur Fighter)                Turns: 1072, Time: 00:03:25

Health: 0/33       AC:  7    Str: 22    XL:     3   Next: 17%
Magic:  2/2        EV:  8    Int:  5    God:    Sif Muna [*.....]
Gold:   34         SH:  4    Dex:  9    Spells: 2/2 levels left

rFire   . . .        f - +1 war axe (elec)
rCold   . . .        c - +0 buckler
rNeg    . . .        b - +0 scale mail
rPois   .            (helmet restricted)
rElec   .            (no cloak)
rCorr   .            (no gloves)
SInv    .            (no boots)
Will    .....        (no amulet) Stlth
                     (no ring)
HPRegen 0.25/turn    (no ring)
MPRegen 0.08/turn

%: no passive effects
@: no status effects
A: horns 2, retaliatory headbutt
a: Renounce Religion, Channel Magic


You were on level 2 of the Dungeon.
You worshipped Sif Muna.
Sif Muna was aware of your devotion.
You visited 1 branch of the dungeon, and saw 2 of its levels.

You collected 34 gold pieces.

Inventory:

Hand Weapons
 f - a +1 war axe of electrocution (weapon)
Missiles
 g - 5 curare-tipped darts (quivered)
Armour
 b - a +0 scale mail (worn)
 c - a +0 buckler (worn)
Scrolls
 e - a scroll of silence {unknown}
 h - a scroll of brand weapon {unknown}
 j - a scroll of noise {unknown}
 l - 2 scrolls of identify {unknown}
Potions
 a - 2 potions of haste {unknown}
 d - 2 potions of might
 i - a potion of enlightenment {unknown}
 k - a potion of brilliance {unknown}


   Skills:
 + Level 4.0 Fighting
 + Level 2.9 Axes
 + Level 4.3 Armour
 + Level 4.1 Shields


You had 2 spell levels left.
You didn't know any spells.
Your spell library contained the following spells:

 Spells                   Type           Power      Damage    Failure   Level
 Apportation              Tloc           0%         N/A       86%         1
 Foxfire                  Conj/Fire      0%         2x1d4     86%         1
 Necrotise                Necr           0%         1d4       86%         1
 Sting                    Conj/Alch      0%         1d3       86%         1
 Summon Small Mammal      Summ           0%         N/A       86%         1
 Static Discharge         Conj/Air       0%         3-3/arc   94%         2
 Airstrike                Air            0%         2d(0-16)  100%        4
 Summon Lightning Spire   Summ/Air       0%         N/A       100%        4


Dungeon Overview and Level Annotations

Branches:
Dungeon (2/15)

Altars:
Sif Muna

Annotations:
D:2 Sigmund, Terence


Innate Abilities, Weirdness & Mutations

You have a pair of horns on your head.
You reflexively headbutt those who attack you in melee.


Message History

A kobold comes into view. It is wielding a +0 short sword.
The kobold shouts!
The kobold hits you with a +0 short sword.
You barely miss the kobold. Your headbutt misses the kobold.
The kobold closely misses you.
You hit the kobold.
You kill the kobold!
Sif Muna accepts your kill.
You see here a +0 short sword.
Sigmund the Dreaded comes into view.
He is wielding a +1 scythe of protection.
Sigmund shouts!
Terence the Incautious comes into view.
He is wielding a +0 mace.
Terence shouts!
Sigmund gestures wildly while chanting.
Sigmund flickers and vanishes!
Deactivating autopickup; reactivate with Ctrl-A.
Found 8 stones.
Something hits you but does no damage. Terence hits you with a +0 mace!
Something hits you!
You hit Terence.
Terence is moderately wounded.
Terence hits you with a +0 mace. x2
You hear some strange, mumbled words.
A puff of flame appears from out of thin air!
The puff of flame hits you.
* * * LOW HITPOINT WARNING * * *
You hit Terence but do no damage. Your headbutt misses Terence.
Terence is moderately wounded.
Terence completely misses you. Something hits you.
* * * LOW HITPOINT WARNING * * *
You hit Terence.
Terence is heavily wounded.
You block Terence's attack.
A magic dart appears from out of thin air!
The magic dart hits you but does no damage.
Terence hits you with a +0 mace.
* * * LOW HITPOINT WARNING * * *
Terence hits you with a +0 mace.
You die...
Terence says, "Time to find some more victims."

#.# #.# #.# .#
####.##### #+##
#........# #...#
#.##.###.# #.....
# #..##.# #......
##...#.##.......
#.......+.......
##......@.......
#..........@...(..
######...~....~...
#...........#
#.....~~....#
#.....~~.....
#...........#
#...~....~...
#............


You could see Terence.

Vanquished Creatures
  A dart slug (D:1)
  3 endoplasms (D:1)
  2 giant cockroaches
  2 goblins
  3 hobgoblins
  3 quokkas
  4 ball pythons (D:1)
  6 bats (D:1)
  5 kobolds
  A rat (D:1)
30 creatures vanquished.

Notes
Turn   | Place    | Note
-------+----------+-------------------------------------------
     0 | D:1      | Fodor the Minotaur Fighter began the quest for the Orb.
     0 | D:1      | Reached XP level 1. HP: 19/19 MP: 0/0
   148 | D:1      | Reached XP level 2. HP: 27/27 MP: 1/1
   729 | D:1      | Reached XP level 3. HP: 31/33 MP: 2/2
   843 | D:2      | Found a faded altar of an unknown god.
   858 | D:2      | Got Plato's Almanac of Hurting
   969 | D:2      | Prayed at the altar of an unknown god.
   969 | D:2      | Became a worshipper of Sif Muna the Loreminder
   969 | D:2      | Reached * piety under Sif Muna
  1064 | D:2      | Noticed Sigmund
  1065 | D:2      | Noticed Terence
  1072 | D:2      | Slain by Terence

Illustrated notes

Levels and vault maps discovered:
D:1:      dpeg_arrival_tiny_k, layout_loops_ring, minmay_octomino_j4
D:2:      layout_loops_corners, shapermc_ecumenical_altar_rom_forum,
          skrybe_limestone_x, uniq_terence, uniq_sigmund, uniq_jessica

Skill      XL: |  1  2 |
---------------+-------+-----
Armour         | 4 |  4.3
Shields        | 4 |  4.1
Fighting       | 4 |  4.0
Axes           | |  2.9

Action                     || total
---------------------------++-------
  Melee: War axe           ||    52
         Headbutt          ||     3
 Armour: Scale mail        ||    59
  Dodge: Dodged            ||    19
  Block: Buckler           ||    13

Table legend: (Time is in decaauts)
 A = Elapsed time spent in this place.
 B = Non-inter-level travel time spent in this place.
 C = Inter-level travel time spent in this place.
 D = Time resting spent in this place.
 E = Time spent auto-exploring this place.
 F = Levels seen in this place.
 G = Mean time per level.
                   A        B        C        D        E       F      G
               +--------+--------+--------+--------+--------+-----+--------+
         Total |   1093 |   1070 |     23 |      0 |    697 |   2 |  546.5 |
       Dungeon |   1093 |   1070 |     23 |      0 |    697 |   2 |  546.5 |
               +--------+--------+--------+--------+--------+-----+--------+

Top non-repeatable levels by time:
     D:1: 810 daAuts
     D:2: 282 daAuts
